 Dungeon Crawl Stone Soup version 0.20.0-10-g0535bb4 (webtiles) character file.

421448 grindst0ne the Impregnable (level 23, -8/240 HPs)
             Began as a Gargoyle Fighter on June 4, 2017.
             Was the Champion of Okawaru.
             Mangled by a spriggan berserker
             ... wielding a +0 rapier of speed
             ... led by the Enchantress
              (23 damage)
             ... on level 2 of the Depths.
             The game lasted 03:12:50 (51578 turns).

grindst0ne the Impregnable (Gargoyle Fighter)      Turns: 51578, Time: 03:12:51

Health: -8/240     AC: 31    Str: 22    XL:     23   Next: 72%
Magic:  30/30      EV:  2    Int: 10    God:    Okawaru [******]
Gold:   2036       SH:  5    Dex: 16    Spells: 22/22 levels left

rFire    + + .     SeeInvis +   w - +8 broad axe of the Hero {freeze, rF++ Stlth-}
rCold    + + +     Gourm    .   (no shield)
rNeg     + + +     Faith    .   (armour currently unavailable)
rPois    ∞         Spirit   .   (helmet currently unavailable)
rElec    .         Reflect  +   (cloak currently unavailable)
rCorr    .         Harm     .   (gloves currently unavailable)
MR       .....     NoTele   +   (boots currently unavailable)
Stlth    ..........             g - +5 amulet of reflection
Regen    0.5/turn               b - ring of protection from cold
MPRegen  0.3/turn               U - ring of False Hope {rC++ SInv}

@: tree-form, vulnerable, slowed, very slow
A: repulsion field 1, negative energy resistance 1, petrification resistance,
rot immunity, AC +17
}: 2/15 runes: barnacled, gossamer
a: Heroism, Finesse, Renounce Religion


You were on level 2 of the Depths.
You worshipped Okawaru.
Okawaru was exalted by your worship.
You were not hungry.
You were a tree.
You visited 7 branches of the dungeon, and saw 38 of its levels.
You visited the Abyss 2 times.
You also visited: Labyrinth, Ice Cave and Volcano.

You collected 4297 gold pieces.
You spent 2261 gold pieces at shops.

Inventory:

Hand Weapons
 u - the +11 longbow "Zibe" {flame, rPois rF+ Dex+4}
   (Okawaru gifted it to you on level 9 of the Dungeon)

   It causes projectiles fired from it to burn those they strike, causing extra
   injury to most foes and up to half again as much damage against particularly
   susceptible opponents.
   It affects your dexterity (+4).
   It protects you from fire.
   It protects you from poison.
 w - the +8 broad axe of the Hero (weapon) {freeze, rF++ Stlth-}
   (You found it on level 13 of the Dungeon)

   It has been specially enchanted to freeze those struck by it, causing extra
   injury to most foes and up to half again as much damage against particularly
   susceptible opponents.
   It can also slow down cold-blooded creatures.
   It greatly protects you from fire.
   It makes you less stealthy.
Missiles
 G - 501 arrows
Armour
 L - a +1 pair of gloves (melded)
 N - the +17 crystal plate armour "Jankeps" (melded) {Str+4}
   (Okawaru gifted it to you on level 1 of the Shoals)

   It affects your strength (+4).
 O - a scarf of resistance (melded)
 P - a +2 helmet of intelligence (melded)
 S - a +2 pair of boots of running (melded)
Jewellery
 b - a ring of protection from cold (left branch)
 g - a +5 amulet of reflection (around neck)
 U - the ring of False Hope (right branch) {rC++ SInv}
   (You found it on level 6 of the Lair of Beasts)

   [ring of see invisible]

   It greatly protects you from cold.
   It lets you see invisible.
Wands
 c - a wand of clouds (3/9)
 d - a wand of disintegration (21/24)
 e - a wand of confusion (40/48)
 s - a wand of paralysis (7/24)
 z - a wand of polymorph (9/24)
 D - a wand of iceblast (4/15)
 W - a wand of enslavement (7/24)
 X - a wand of digging (13/24)
Scrolls
 h - 2 scrolls of recharging
 i - 7 scrolls of remove curse
 l - 4 scrolls of silence
 n - 16 scrolls of teleportation
 q - 10 scrolls of identify
 t - 4 scrolls of magic mapping
 x - 3 scrolls of enchant armour
 E - a scroll of summoning
 H - 11 scrolls of enchant weapon
 Q - 4 scrolls of holy word
 R - 3 scrolls of fog
 T - 6 scrolls of blinking
 Z - 5 scrolls of brand weapon
Potions
 j - 8 potions of haste
 k - 8 potions of curing
 m - 6 potions of agility
 A - 5 potions of berserk rage
 I - 3 potions of might
 J - 6 potions of lignification
 K - 4 potions of resistance
 M - 3 potions of invisibility
 V - 4 potions of mutation
Miscellaneous
 a - a phial of floods
 v - a fan of gales
 y - a lightning rod (3/4)
Comestibles
 f - 18 bread rations
 p - 20 meat rations
 r - 9 royal jellies
 C - 31 fruits


   Skills:
 - Level 21.4 Fighting
 + Level 10.8(10.9) Axes
   Level 2.0(7.8) Maces & Flails
 - Level 20.3 Bows
 - Level 22.3 Armour
 - Level 10.1 Dodging
   Level 3.2 Shields
 - Level 10.0 Invocations
 - Level 7.0 Evocations


You had 22 spell levels left.
You didn't know any spells.

Dungeon Overview and Level Annotations

Branches:
Dungeon (15/15)            Temple (0/1) D:7            Lair (6/6) D:8
 Shoals (4/4) Lair:4       Spider (4/4) Lair:2        Slime (0/5) Lair:6
    Orc (2/2) D:9             Elf (0/3) Orc:2        Vaults (5/5) D:14
  Crypt (0/3) Vaults:3     Depths (2/5) D:15

Altars:
Elyvilon
Fedhas
Hepliaklqana
Kikubaaqudgha
Nemelex Xobeh
Okawaru
Qazlal
Ru
Vehumet
Xom
Yredelemnul
Zin
The Shining One
Beogh

Shops:
D:10 [   D:12 [   Orc:2 [[=?   Vaults:2 =!   Vaults:3 :   Depths:1 ==}
Depths:2 !

Portals:
Hell: Depths:1
Trove: D:10 (give +2 storm dragon scales)

Annotations:
Vaults:5 pib's ghost, veteran MiFi
Depths:2 the Enchantress


Innate Abilities, Weirdness & Mutations

You are resistant to torment.
((Your stone body is resilient. (AC +17)))
You are immune to poison.
((Your large and strong wings let you fly indefinitely.))
You resist negative energy. (rN+)
((You are resistant to electric shocks. (rElec)))
((You can survive without breathing.))
You are immune to petrification.
You are immune to rotting.
You are surrounded by a mild repulsion field. (EV +2)


Message History

The spriggan berserker hits you but does no damage.
The Enchantress hits you with a demon whip of distortion.
* * * LOW HITPOINT WARNING * * *
You block the spriggan berserker's attack.
You miss the spriggan berserker.
The spriggan berserker is severely wounded.
You completely miss the Enchantress.
You block the spriggan berserker's attack.
The Enchantress hits you with a demon whip of distortion!
* * * LOW HITPOINT WARNING * * *
You feel a strange sense of stasis.
You block the spriggan berserker's attack.
The Enchantress hits you but does no damage.
Space bends around you.
* * * LOW HITPOINT WARNING * * *
You feel better.
The spriggan berserker hits you with a rapier of speed!
* * * LOW HITPOINT WARNING * * *
The spriggan berserker hits you with a rapier of speed!!
You die...

.#'##########.#....######
....... ..)........
#.#.......... ..(....
......#####
#.#....#######.)..c.. ......#
##.##.....(..(..)...## ......#
#...#......[..(#..%..i
.....########.########...[)####
...........#...#....((...((.#<#
.....###.......ii..###....#####
...... ##.#..h#♣### #####≈..
###.∩.### ≈... ###.#...#.###
≈.(. ##...........## ...
.....#...#..... ....
#≈≈≈≈########.#########
#≈≈≈≈≈≈≈≈# #...#≈≈≈≈≈.
#≈≈≈≈≈≈≈≈# ##.##≈≈≈≈#
.≈≈≈≈≈≈≈≈####.# #≈≈#


You could see the Enchantress (invisible), a spriggan berserker (berserk) and a
polar bear (berserk).

Vanquished Creatures
  Mennas (Vaults:2)
  Boris (Vaults:3)
  Saint Roka (Vaults:2)
  Nikola (Vaults:2)
  A bone dragon (Abyss:3)
  Arachne (Spider:2)
  Jorgrun (Shoals:3)
  2 liches
  2 titans (Vaults:4)
  2 krakens (Shoals:1)
  2 tentacled starspawn (Abyss:3)
  A sphinx (Vaults:3)
  A shadow dragon (Vaults:5)
  Polyphemus (Shoals:3)
  Donald (Vaults:2)
  2 storm dragons
  Ilsuiw (Shoals:4)
  2 tengu reavers
  A daeva (Abyss:3)
  4 fire giants
  7 frost giants
  Aizul (Depths:1)
  5 ghost moths (Spider:4)
  12 vault wardens
  2 emperor scorpions (Spider:4)
  14 ironheart preservers
  3 spriggan defenders (Depths:2)
  16 stone giants
  2 war gargoyles (Vaults:4)
  6 entropy weavers
  6 very ugly things
  3 deep elf demonologists
  2 vampire knights
  2 deep elf annihilators
  2 spark wasps
  3 dire elephants (Lair:6)
  A minotaur (Lab)
  7 great orbs of eyes
  4 fire dragons
  8 ettins
  6 merfolk javelineers (Shoals:4)
  16 merfolk impalers
  A deep elf death mage (Vaults:5)
  The ghost of ballsack the Thaumaturge, a journeyman OpCj of Vehumet (Lair:3)
  4 rakshasas
  2 ice dragons
  7 hydras
  11 yaktaur captains
  3 spriggan air magi (Depths:2)
  26 vault guards
  3 death knights
  11 centaur warriors
  An anaconda (Lair:6)
  6 merfolk aquamancers (Shoals:4)
  3 alligator snapping turtles
  11 ogre magi
  A tengu warrior (D:14)
  46 two-headed ogres
  5 death yaks
  4 deep troll earth magi
  A catoblepas (Shoals:3)
  An alligator (Shoals:1)
  6 merfolk avatars
  A queen ant (Spider:1)
  3 deep troll shamans (Depths:1)
  2 satyrs (Shoals:4)
  Urug (D:11)
  A vampire mage (Depths:1)
  2 spriggan berserkers (Depths:2)
  3 thrashing horrors (Abyss:3)
  A sun demon (Abyss:3)
  Nergalle (Lair:4)
  2 shadow wraiths
  2 iron trolls (Depths:1)
  4 deep elf knights
  2 flayed ghosts (Vaults:4)
  13 sea snakes
  A glowing orange brain (Vaults:5)
  12 skeletal warriors
  15 ironbrand convokers
  5 unseen horrors
  24 deep trolls
  2 phantasmal warriors (Depths:1)
  A wizard (Vaults:1)
  7 deep elf archers
  11 deep elf magi
  2 lindwurms (Volcano)
  14 orb spiders
  An orb spider (shapeshifter) (D:15)
  10 harpies
  15 orc knights
  30 wolf spiders
  14 manticores
  67 ugly things
  An oklob plant (Lair:5)
  6 fauns
  15 cyclopes
  2 moths of wrath (Spider:4)
  8 merfolk sirens
  29 vault sentinels
  3 molten gargoyles (Volcano)
  2 toenail golems (Volcano)
  Psyche (D:8)
  An apocalypse crab (Abyss:3)
  11 elephants
  12 water nymphs
  2 guardian serpents (shapeshifter)
  5 black mambas
  3 smoke demons (Abyss:3)
  An ice statue (IceCv)
  A rust devil (Depths:1)
  3 gargoyles
  11 spiny frogs
  3 rime drakes (shapeshifter)
  10 komodo dragons
  13 demonic crawlers
  A hellion (Abyss:3)
  31 yaktaurs
  5 efreet
  12 freezing wraiths
  A yaktaur (shapeshifter) (Vaults:3)
  2 ice devils (D:11)
  A red devil (Abyss:3)
  28 merfolk
  2 ancient zymes (Abyss:3)
  11 trolls
  3 tengu conjurers (D:14)
  16 polar bears
  28 jumping spiders
  A hornet (shapeshifter) (Vaults:4)
  A tengu simulacrum (Vaults:3)
  10 hornets
  8 raiju (Abyss:3)
  5 wind drakes
  15 blink frogs
  30 slime creatures
  A dream sheep (shapeshifter) (Vaults:2)
  9 snapping turtles
  7 dream sheep
  13 hippogriffs
  5 centaur simulacra (D:14)
  A stone giant simulacrum (Vaults:5)
  A spriggan (shapeshifter) (D:13)
  2 shadows
  24 water elementals
  54 redbacks
  3 vampires
  2 spriggans
  18 tarantellas
  A human (D:14)
  5 wyverns
  7 wraiths
  8 fire bats
  5 fire elementals
  2 vampire mosquitoes (D:13)
  69 yaks
  A basilisk (D:15)
  2 chaos spawn (Abyss:3)
  A steam dragon (D:14)
  A human (shapeshifter) (D:13)
  A neqoxec (Abyss:3)
  4 wargs
  A harpy simulacrum (D:15)
  5 swamp worms (Spider:1)
  5 small abominations (Abyss:3)
  9 soldier ants
  An acid dragon (shapeshifter) (Vaults:4)
  15 water moccasins
  An acid dragon (Vaults:1)
  11 porcupines
  A water moccasin (shapeshifter) (Vaults:2)
  Duvessa (D:7)
  42 orc warriors
  7 large abominations (Abyss:3)
  3 black bears
  2 phantoms
  3 eyes of draining
  6 ice beasts
  7 sky beasts
  25 wolves
  A hornet zombie (D:14)
  A necrophage (D:9)
  8 boggarts
  45 ogres
  18 centaurs
  15 crocodiles
  A big kobold (D:13)
  An earth elemental (Volcano)
  2 gnoll sergeants
  21 bullfrogs
  A glowing shapeshifter simulacrum (Vaults:5)
  3 wyvern zombies
  A water moccasin skeleton (D:6)
  4 scorpions
  A human simulacrum (Vaults:3)
  7 killer bees
  6 wights
  7 howler monkeys
  4 electric eels
  A bullfrog zombie (D:10)
  7 crimson imps
  5 centaur zombies
  A quasit (Abyss:3)
  3 hounds
  8 jellies
  18 orc priests
  34 orc wizards
  Crazy Yiuf (D:7)
  3 bullfrog skeletons
  A human skeleton (Abyss:3)
  4 iguanas
  42 worker ants
  A killer bee zombie (D:8)
  A hound zombie (D:5)
  2 hound skeletons
  3 worker ant zombies
  3 gnolls
  15 adders
  6 shadow imps
  4 white imps
  4 ufetubi
  15 worms
  3 dart slugs
  4 leopard geckos
  115 orcs
  5 giant cockroaches
  6 goblins
  5 hobgoblins
  13 jackals
  A kobold (D:2)
  10 quokkas
  2 ball pythons (D:5)
  11 bats
  4 frilled lizards
  A leopard gecko skeleton (D:6)
  A quokka skeleton (D:5)
  7 rats
  A crawling corpse (Vaults:5)
  4 fire vortices
  4 plants
  2 starspawn tentacles (Abyss:3)
  11 tentacles (Shoals:1)
1865 creatures vanquished.

Vanquished Creatures (collateral kills)
  A deep elf elementalist (Vaults:5)
1 creature vanquished.

Vanquished Creatures (others)
  A shadow dragon (Vaults:5)
  An ice dragon (Vaults:4)
  2 two-headed ogres
  A deep elf knight (Vaults:5)
  A flayed ghost (Vaults:5)
  A deep elf archer (Vaults:1)
  A wolf spider (Spider:4)
  A vault sentinel (Vaults:3)
  A yaktaur (Vaults:4)
  A polar bear (IceCv)
  A water elemental (Shoals:4)
  2 yaks (IceCv)
  Dowan (D:7)
  15 fungi
  62 plants
  2 starspawn tentacles (Abyss:3)
  12 tentacles (Shoals:1)
106 creatures vanquished.

Grand Total: 1972 creatures vanquished

Notes
Turn   | Place    | Note
-------+----------+-------------------------------------------
     0 | D:1      | grindst0ne the Gargoyle Fighter began the quest for the Orb.
     0 | D:1      | Reached XP level 1. HP: 14/14 MP: 1/1
   122 | D:1      | Reached XP level 2. HP: 10/20 MP: 2/2
   656 | D:1      | Reached XP level 3. HP: 24/24 MP: 3/3
   949 | D:2      | Found a sparkling altar of Nemelex Xobeh.
   950 | D:2      | Found a sacrificial altar of Ru.
   950 | D:2      | Found a hazy altar of Hepliaklqana.
   953 | D:2      | Found a white marble altar of Elyvilon.
   955 | D:2      | Found an iron altar of Okawaru.
   955 | D:2      | Found a glowing silver altar of Zin.
   956 | D:2      | Found a shimmering altar of Xom.
   964 | D:2      | Became a worshipper of Warmaster Okawaru
  1021 | D:2      | Reached skill level 5 in Fighting
  1159 | D:2      | Reached XP level 4. HP: 31/31 MP: 4/4
  1415 | D:3      | Found a radiant altar of Vehumet.
  1838 | D:3      | Reached XP level 5. HP: 34/37 MP: 5/5
  2495 | D:4      | Reached XP level 6. HP: 44/44 MP: 6/6
  2853 | D:5      | Entered Level 5 of the Dungeon
  2858 | D:5      | Reached * piety under Okawaru
  2860 | D:5      | Noticed an ice beast
  2885 | D:5      | Killed an ice beast
  3204 | D:5      | Reached XP level 7. HP: 50/50 MP: 7/7
  3881 | D:5      | Reached ** piety under Okawaru
  3881 | D:5      | Reached skill level 4 in Armour
  3890 | D:5      | Gained mutation: You are surrounded by a mild repulsion field. (EV +2) [mutagenic meat]
  3979 | D:5      | Reached skill level 5 in Armour
  4433 | D:5      | Reached XP level 8. HP: 54/56 MP: 8/8
  4485 | D:6      | Reached skill level 6 in Armour
  4569 | D:6      | Reached skill level 7 in Armour
  5065 | D:5      | Reached skill level 8 in Armour
  5111 | D:5      | Reached *** piety under Okawaru
  5449 | D:6      | Reached skill level 9 in Armour
  5460 | D:6      | Reached XP level 9. HP: 56/60 MP: 9/9
  5641 | D:5      | Reached skill level 10 in Armour
  6451 | D:6      | Reached skill level 11 in Armour
  6653 | D:7      | Found a radiant altar of Vehumet.
  6692 | D:7      | Reached skill level 1 in Evocations
  6829 | D:7      | Noticed Duvessa
  6829 | D:7      | Noticed Dowan
  6842 | D:7      | Killed Duvessa
  6842 | D:7      | Reached **** piety under Okawaru
  6844 | D:7      | Killed Dowan
  7501 | D:7      | Got an encrusted scale mail
  7512 | D:7      | Identified the +5 scale mail of Pan-Flutes {rElec} (You found it on level 7 of the Dungeon)
  7726 | D:7      | Reached skill level 5 in Evocations
  7766 | D:7      | Found a staircase to the Ecumenical Temple.
  7778 | D:7      | Reached XP level 10. HP: 66/66 MP: 13/13
  7879 | D:7      | Found a runed door.
  8166 | D:7      | Noticed Crazy Yiuf
  8170 | D:7      | Killed Crazy Yiuf
  8533 | D:8      | Found a stormy altar of Qazlal.
  8587 | D:8      | Got a warped quarterstaff
  8593 | D:8      | Identified the +4 quarterstaff of Ametode {crush, rPois Int+3} (You found it on level 8 of the Dungeon)
  8620 | D:8      | Noticed Psyche
  8628 | D:8      | Killed Psyche
  8760 | D:8      | Reached ***** piety under Okawaru
  8770 | D:8      | Found a blossoming altar of Fedhas.
  8807 | D:8      | Noticed a two-headed ogre
  8812 | D:8      | Killed a two-headed ogre
  8812 | D:8      | Reached skill level 10 in Fighting
  9191 | D:8      | Found a staircase to the Lair.
  9333 | D:9      | Noticed a two-headed ogre
  9342 | D:9      | Killed a two-headed ogre
  9342 | D:9      | Received a gift from Okawaru
  9355 | D:9      | Got a jewelled longbow {god gift}
  9357 | D:9      | Identified the +11 longbow "Zibe" {flame, rPois rF+ Dex+4} (Okawaru gifted it to you on level 9 of the Dungeon)
  9784 | D:9      | Noticed a two-headed ogre
  9789 | D:9      | Killed a two-headed ogre
  9789 | D:9      | Reached XP level 11. HP: 67/74 MP: 16/16
  9932 | D:9      | Reached skill level 5 in Bows
 10177 | D:9      | Found a staircase to the Orcish Mines.
 10187 | D:9      | Found a roughly hewn altar of Beogh.
 10425 | D:10     | Entered Level 10 of the Dungeon
 10470 | D:10     | Got a polished chain mail
 10481 | D:10     | Identified the cursed +0 chain mail of the Mackerel {rN+} (You found it on level 10 of the Dungeon)
 10604 | D:10     | Found an iron altar of Okawaru.
 10802 | D:10     | Found Viphun's Armour Shoppe.
 10999 | D:10     | Noticed a two-headed ogre
 11004 | D:10     | Killed a two-headed ogre
 11051 | D:10     | Found a portal to a secret trove of treasure.
 11371 | D:11     | Reached ****** piety under Okawaru
 11376 | D:11     | Received a gift from Okawaru
 11377 | D:11     | Found a frozen archway.
 11394 | IceCv    | Entered an ice cave
 11429 | IceCv    | Received a gift from Okawaru
 11793 | IceCv    | Received a gift from Okawaru
 11796 | IceCv    | Reached skill level 10 in Bows
 11824 | IceCv    | Reached XP level 12. HP: 68/80 MP: 17/17
 11945 | IceCv    | Received a gift from Okawaru
 12093 | IceCv    | Received a gift from Okawaru
 12168 | IceCv    | Noticed a frost giant
 12181 | IceCv    | Received a gift from Okawaru
 12188 | IceCv    | Killed a frost giant
 12188 | IceCv    | Received a gift from Okawaru
 12381 | IceCv    | Identified the Almanac of the Mutagenic Mountains
 12620 | D:11     | Noticed Urug
 12624 | D:11     | Killed Urug
 12624 | D:11     | Received a gift from Okawaru
 13181 | D:11     | Received a gift from Okawaru
 13644 | Lair:1   | Entered Level 1 of the Lair of Beasts
 13686 | Lair:1   | Received a gift from Okawaru
 13686 | Lair:1   | Reached XP level 13. HP: 84/84 MP: 18/18
 14608 | Lair:2   | Reached skill level 12 in Armour
 14645 | Lair:2   | Received a gift from Okawaru
 14708 | Lair:2   | Found a dark tunnel.
 14718 | Volcano  | Entered a volcano
 14774 | Volcano  | Received a gift from Okawaru
 14782 | Volcano  | Reached skill level 13 in Armour
 15271 | Lair:2   | Found a hole to the Spider Nest.
 15941 | Lair:3   | Got a pair of polished boots
 15952 | Lair:3   | Identified the cursed +0 pair of boots of Jumeff {+Inv rC- Regen+ Int+5} (You found it on level 3 of the Lair of Beasts)
 16221 | Lair:3   | Noticed ballsack's ghost (journeyman OpCj)
 16226 | Lair:3   | Killed ballsack's ghost
 16226 | Lair:3   | Reached skill level 14 in Armour
 17085 | Lair:4   | Gained mutation: Your large and strong wings let you fly indefinitely. [Gargoyle growth]
 17085 | Lair:4   | Reached XP level 14. HP: 77/90 MP: 19/19
 17177 | Lair:4   | Reached skill level 15 in Armour
 17212 | Lair:4   | Found a staircase to the Shoals.
 17371 | Lair:4   | Noticed Nergalle
 17382 | Lair:4   | Killed Nergalle
 17382 | Lair:4   | Received a gift from Okawaru
 17903 | Lair:5   | Received a gift from Okawaru
 17914 | Lair:5   | Reached skill level 16 in Armour
 18026 | Lair:5   | Received a gift from Okawaru
 18748 | Lair:6   | Entered Level 6 of the Lair of Beasts
 18869 | Lair:6   | Reached skill level 15 in Bows
 19173 | Lair:6   | Found a staircase to the Slime Pits.
 19758 | Lair:6   | Got a bound copper ring
 19776 | Lair:6   | Identified the ring of False Hope {rC++ SInv} (You found it on level 6 of the Lair of Beasts)
 19904 | Lair:6   | Received a gift from Okawaru
 19908 | Lair:6   | Noticed a dire elephant
 19916 | Lair:6   | Killed a dire elephant
 19954 | Lair:6   | Noticed a dire elephant
 19954 | Lair:6   | Noticed a dire elephant
 19963 | Lair:6   | Killed a dire elephant
 19972 | Lair:6   | Killed a dire elephant
 19972 | Lair:6   | Reached XP level 15. HP: 64/95 MP: 20/20
 21063 | D:12     | Found Afabez's Armour Emporium.
 21072 | D:12     | Received a gift from Okawaru
 21106 | D:12     | Bought the +1 cloak of Ecioli {rCorr Dex+3} for 340 gold pieces
 22007 | D:13     | Received a gift from Okawaru
 22135 | D:13     | Got a polished broad axe
 22141 | D:13     | Identified the +8 broad axe of the Hero {freeze, rF++ Stlth-} (You found it on level 13 of the Dungeon)
 22221 | D:13     | Received a gift from Okawaru
 22728 | D:14     | Got a steaming helmet
 22735 | D:14     | Received a gift from Okawaru
 22756 | D:14     | Found a gate to the Vaults.
 22811 | D:14     | Identified the +1 helmet of the Lost Path {rPois Int+2 Dex-3} (You found it on level 14 of the Dungeon)
 22875 | D:14     | Received a gift from Okawaru
 23126 | D:14     | Reached XP level 16. HP: 94/100 MP: 21/21
 23526 | D:15     | Entered Level 15 of the Dungeon
 23632 | D:15     | Received a gift from Okawaru
 24133 | D:15     | Received a gift from Okawaru
 24136 | D:15     | Got a sapphire glaive {god gift}
 24178 | D:15     | Identified the +9 glaive of Light {freeze, Str+2 Int+3} (Okawaru gifted it to you on level 15 of the Dungeon)
 24244 | D:15     | Found a staircase to the Depths.
 24513 | Orc:1    | Entered Level 1 of the Orcish Mines
 24804 | Orc:2    | Entered Level 2 of the Orcish Mines
 24809 | Orc:2    | Found a labyrinth entrance.
 24811 | Orc:2    | Found a staircase to the Elven Halls.
 24818 | Lab      | Entered a labyrinth
 26829 | Lab      | Got a blackened spear {pierce}
 26830 | Lab      | Identified the +7 spear of the Black Skies {pierce, *Contam +Fly Str+6} (You took it off a minotaur in a labyrinth)
 26957 | Orc:2    | Found Kanaf's Armour Boutique.
 27200 | Orc:2    | Received a gift from Okawaru
 27303 | Orc:2    | Got a pitted longbow {god gift}
 27305 | Orc:2    | Identified the +8 longbow of the Firefly {velocity, Str+5} (Okawaru gifted it to you on level 2 of the Orcish Mines)
 27563 | Orc:2    | Found Cumiwesh's Armour Shop.
 27581 | Orc:2    | Found Enilox's Jewellery Emporium.
 27596 | Orc:2    | Found Igunerr's Magic Scroll Boutique.
 27819 | Orc:2    | Bought a +4 amulet of reflection for 432 gold pieces
 27938 | Orc:2    | Bought a scroll of enchant weapon for 127 gold pieces
 27938 | Orc:2    | Bought a scroll of teleportation for 51 gold pieces
 27938 | Orc:2    | Bought a scroll of brand weapon for 340 gold pieces
 27938 | Orc:2    | Bought a scroll of fog for 34 gold pieces
 27938 | Orc:2    | Bought a scroll of identify for 34 gold pieces
 27938 | Orc:2    | Bought a scroll of teleportation for 51 gold pieces
 27938 | Orc:2    | Bought a scroll of identify for 34 gold pieces
 28387 | Spider:1 | Entered Level 1 of the Spider Nest
 28410 | Spider:1 | Reached skill level 1 in Invocations
 28906 | Spider:1 | Received a gift from Okawaru
 29830 | Spider:2 | Reached skill level 5 in Invocations
 29847 | Spider:2 | Noticed Arachne
 29858 | Spider:2 | Killed Arachne
 29864 | Spider:2 | Reached XP level 17. HP: 72/104 MP: 22/22
 30326 | Spider:2 | Received a gift from Okawaru
 31153 | Spider:3 | Received a gift from Okawaru
 31169 | Spider:3 | Got a smoking hat {god gift}
 31180 | Spider:3 | Identified the +1 hat of the Hills {MP+9} (Okawaru gifted it to you on level 3 of the Spider Nest)
 31440 | Spider:3 | Reached skill level 10 in Invocations
 31779 | Spider:4 | Entered Level 4 of the Spider Nest
 32629 | Spider:4 | Received a gift from Okawaru
 33213 | Spider:4 | Got a gossamer rune of Zot
 33498 | Lair:2   | Reached XP level 18. HP: 117/117 MP: 25/25
 33550 | Shoals:1 | Entered Level 1 of the Shoals
 33673 | Shoals:1 | Reached skill level 15 in Fighting
 33758 | Shoals:1 | Received a gift from Okawaru
 34315 | Shoals:1 | Received a gift from Okawaru
 34318 | Shoals:1 | Got a diamond-encrusted crystal plate armour {god gift}
 34329 | Shoals:1 | Identified the +17 crystal plate armour "Jankeps" {Str+4} (Okawaru gifted it to you on level 1 of the Shoals)
 35091 | Shoals:2 | Identified the +7 war axe of Winter {chop, +Blink} (You found it on level 2 of the Shoals)
 35874 | Shoals:3 | Noticed Polyphemus
 35878 | Shoals:3 | Killed Polyphemus
 36452 | Shoals:3 | Noticed Jorgrun
 36456 | Shoals:3 | Killed Jorgrun
 36649 | Shoals:4 | Entered Level 4 of the Shoals
 36701 | Shoals:4 | Noticed Ilsuiw
 36702 | Shoals:4 | Received a gift from Okawaru
 36739 | Shoals:4 | Received a gift from Okawaru
 36757 | Shoals:4 | Killed Ilsuiw
 37196 | Shoals:4 | Received a gift from Okawaru
 37196 | Shoals:4 | Reached XP level 19. HP: 62/131 MP: 26/26
 37214 | Shoals:4 | Reached skill level 1 in Dodging
 37922 | Shoals:4 | Reached skill level 5 in Dodging
 37926 | Shoals:4 | Identified the +12 war axe of Winter {chop, rC+ MR+ SInv} (You took it off a merfolk impaler on level 4 of the Shoals)
 38251 | Shoals:4 | Got a barnacled rune of Zot
 38992 | Vaults:1 | Entered Level 1 of the Vaults
 38994 | Vaults:1 | Received a gift from Okawaru
 39020 | Vaults:1 | Got an encrusted shortbow {god gift}
 39022 | Vaults:1 | Identified the +0 shortbow of the Warrior-Mage {velocity, Str-2 Dex+9} (Okawaru gifted it to you on level 1 of the Vaults)
 39657 | Vaults:1 | Received a gift from Okawaru
 40152 | Vaults:1 | Reached skill level 10 in Dodging
 40440 | Vaults:1 | Reached XP level 20. HP: 137/137 MP: 27/27
 40493 | Vaults:2 | Received a gift from Okawaru
 40659 | Vaults:2 | Noticed Donald
 40673 | Vaults:2 | Killed Donald
 40707 | Vaults:2 | Found Enun Heu's Jewellery Emporium.
 40812 | Vaults:2 | Reached skill level 17 in Armour
 40833 | Vaults:2 | Noticed Saint Roka
 40878 | Vaults:2 | Noticed Mennas
 41055 | Vaults:2 | Noticed Nikola
 41064 | Vaults:2 | Killed Nikola
 41632 | Vaults:2 | Found Xamen's Distillery.
 41636 | Vaults:2 | Bought a potion of heal wounds for 60 gold pieces
 41636 | Vaults:2 | Bought a potion of haste for 120 gold pieces
 41636 | Vaults:2 | Bought a potion of heal wounds for 60 gold pieces
 41636 | Vaults:2 | Bought a potion of curing for 36 gold pieces
 41636 | Vaults:2 | Bought a potion of agility for 48 gold pieces
 41777 | Vaults:2 | Killed Mennas
 41777 | Vaults:2 | Reached skill level 18 in Armour
 42041 | Vaults:2 | Killed Saint Roka
 43012 | Vaults:2 | Received a gift from Okawaru
 43200 | Vaults:3 | Received a gift from Okawaru
 43268 | Vaults:3 | Identified the +1 shortbow of Courage {freeze, rElec rC++ Dex-5 Stlth+} (Okawaru gifted it to you on level 3 of the Vaults)
 43352 | Vaults:3 | Reached skill level 19 in Armour
 43544 | Vaults:3 | Found a staircase to the Crypt.
 43544 | Vaults:3 | Found an ancient bone altar of Kikubaaqudgha.
 43545 | Vaults:3 | Found a basalt altar of Yredelemnul.
 43743 | Vaults:3 | Paralysed by a great orb of eyes for 2 turns
 43878 | Vaults:3 | Received a gift from Okawaru
 43910 | Vaults:3 | Reached XP level 21. HP: 142/142 MP: 28/28
 43973 | Vaults:3 | Noticed Boris
 43976 | Vaults:3 | Received a gift from Okawaru
 43987 | Vaults:3 | Reached skill level 20 in Armour
 44066 | Vaults:3 | Killed Boris
 45064 | Vaults:3 | Found Tousmus's Book Boutique.
 45163 | Vaults:3 | Received a gift from Okawaru
 45171 | Vaults:3 | Reached skill level 21 in Armour
 45353 | Vaults:4 | Received a gift from Okawaru
 45794 | Vaults:4 | Received a gift from Okawaru
 45823 | Vaults:4 | Reached skill level 22 in Armour
 46470 | Vaults:4 | Reached XP level 22. HP: 145/148 MP: 29/29
 47087 | Vaults:5 | Entered Level 5 of the Vaults
 47182 | Vaults:4 | Received a gift from Okawaru
 47522 | Vaults:5 | Noticed pib's ghost (veteran MiFi)
 47553 | Vaults:5 | Received a gift from Okawaru
 47588 | Vaults:5 | Received a gift from Okawaru
 49363 | Depths:1 | Entered Level 1 of the Depths
 49379 | Depths:1 | Reached skill level 1 in Axes
 49502 | Depths:1 | Received a gift from Okawaru
 49558 | Depths:1 | Found Xecret's Gadget Shoppe.
 49558 | Depths:1 | Found Eteles's Jewellery Boutique.
 49559 | Depths:1 | Found Ihicuus's Jewellery Boutique.
 49616 | Depths:1 | Reached XP level 23. HP: 160/160 MP: 30/30
 49779 | Depths:1 | Reached skill level 5 in Axes
 49836 | Depths:1 | Received a gift from Okawaru
 49841 | Depths:1 | Identified a +1 pair of boots of running (Okawaru gifted it to you on level 1 of the Depths)
 49955 | Depths:1 | Found a glowing golden altar of the Shining One.
 50069 | Depths:1 | Found a gateway to Hell.
 50155 | Depths:1 | Noticed Aizul
 50167 | Depths:1 | Killed Aizul
 50494 | Depths:2 | Noticed the Enchantress
 50506 | Depths:2 | Cast into level 3 of the Abyss (the Enchantress)
 50506 | Abyss:3  | Found a corrupted altar of Lugonu.
 50704 | Depths:2 | Escaped the Abyss
 50730 | Depths:2 | Cast into level 3 of the Abyss (the Enchantress)
 51146 | Depths:2 | Escaped the Abyss
 51211 | Depths:2 | Reached skill level 10 in Axes
 51256 | Depths:2 | Found Seazyar's Distillery.
 51264 | Depths:2 | Bought a potion of might for 76 gold pieces
 51264 | Depths:2 | Bought a potion of heal wounds for 95 gold pieces
 51264 | Depths:2 | Bought a potion of agility for 76 gold pieces
 51264 | Depths:2 | Bought a potion of lignification for 57 gold pieces
 51264 | Depths:2 | Bought a potion of lignification for 57 gold pieces
 51264 | Depths:2 | Bought a potion of lignification for 57 gold pieces
 51264 | Depths:2 | Bought a potion of agility for 76 gold pieces
 51327 | Depths:2 | Received a gift from Okawaru
 51578 | Depths:2 | Mangled by a spriggan berserker

Skill      XL: |  1  2  3  4  5  6  7  8  9 10 11 12 13 14 15 16 17 18 19 20 21 22 23 |
---------------+----------------------------------------------------------------------+-----
Fighting       | 4 5 6 7 8 9 11 14 18 21 | 21.4
Armour         | 5 9 11 14 16 19 22 | 22.3
Evocations     | 5 7 |  7.0
Bows           | 3 10 13 14 16 18 20 | 20.3
Invocations    | 6 10 | 10.0
Dodging        | 10 | 10.1
Axes           | 3 10 | 10.8
Maces & Flails | |  2.0
Shields        | |  3.2

Action                   |  1- 3 |  4- 6 |  7- 9 | 10-12 | 13-15 | 16-18 | 19-21 | 22-24 || total
-------------------------+-------+-------+-------+-------+-------+-------+-------+-------++-------
Melee: Flail             |   110 |   155 |   723 |   109 |       |       |       |       ||  1097
       Quarterstaff      |       |       |       |    86 |       |       |       |       ||    86
       Longbow           |       |       |       |       |    52 |     5 |       |     2 ||    59
       War axe           |       |       |       |       |       |       |     4 |       ||     4
       Broad axe         |       |       |       |       |       |       |       |    24 ||    24
 Fire: Longbow           |       |       |       |   370 |  1096 |  1467 |  1554 |  1046 ||  5533
Invok: Heroism           |       |       |       |       |       |       |       |     3 ||     3
       Finesse           |       |       |       |       |       |       |       |     1 ||     1
 Abil: Fly               |       |       |       |       |     1 |       |       |       ||     1
Evoke: Wand              |       |       |     2 |     6 |       |       |     2 |     5 ||    15
       Lightning rod     |       |       |       |       |       |     1 |       |     4 ||     5
       Sack of spiders   |       |       |       |       |       |       |       |     2 ||     2
       Phial of floods   |       |       |       |       |       |       |       |     2 ||     2
       Phantom mirror    |       |       |       |       |       |       |       |     1 ||     1
       Fan of gales      |       |       |       |       |       |       |       |     1 ||     1
  Use: Scroll            |       |       |    11 |    13 |    14 |     9 |     5 |    21 ||    73
       Potion            |       |       |     2 |       |     1 |     5 |     6 |    39 ||    53
 Stab: Distracted        |       |       |       |     1 |       |       |       |       ||     1
  Eat: Chunk             |     1 |     6 |    18 |    19 |    24 |    27 |    22 |     9 ||   126
       Bread ration      |       |       |       |       |     1 |     3 |     1 |     2 ||     7
Armor: Scale mail        |    81 |   117 |   582 |   270 |       |       |       |       ||  1050
       Plate armour      |       |       |       |    76 |   610 |   603 |       |       ||  1289
       Chain mail        |       |       |       |       |    27 |       |       |       ||    27
       Crystal plate arm |       |       |       |       |       |   288 |   456 |  1045 ||  1789
       Skin              |       |       |       |       |       |       |       |     8 ||     8
Dodge: Dodged            |    53 |    81 |   462 |   303 |   336 |   363 |   307 |   817 ||  2722
Block: Shield            |    76 |       |       |       |       |       |       |       ||    76
       Buckler           |     9 |    55 |   195 |    40 |       |       |       |       ||   299
       Other             |       |       |       |       |    16 |   149 |   123 |   220 ||   508
       Reflection        |       |       |       |       |     2 |     5 |    28 |    10 ||    45
